 Dungeon Crawl Stone Soup version 0.20.0-15-g7f486f2 (webtiles) character file.

2915 rodrick the Changer (level 9, 0/94 HPs)
             Began as a Naga Transmuter on June 9, 2017.
             Was a Priest of Cheibriados.
             Succumbed to a killer bee's poison
             ... on level 8 of the Dungeon.
             The game lasted 00:34:42 (8756 turns).

rodrick the Changer (Naga Transmuter)               Turns: 8756, Time: 00:34:43

Health: 0/94       AC:  6    Str: 25    XL:     9   Next: 78%
Magic:  5/14       EV: 17    Int: 23    God:    Cheibriados [***...]
Gold:   425        SH:  0    Dex: 24    Spells: 5/15 levels left

rFire    x . .     SeeInvis +     - Unarmed
rCold    + + +     Gourm    +   (shield currently unavailable)
rNeg     . . .     Faith    .   (armour currently unavailable)
rPois    +         Spirit   .   (helmet currently unavailable)
rElec    .         Reflect  .   (cloak currently unavailable)
rCorr    .         Harm     .   (gloves currently unavailable)
MR       +....                  (no barding)
Stlth    ++++......             m - amulet of the gourmand
Regen    0.3/turn               j - ring of flight
MPRegen  0.2/turn               (no ring)

@: mighty, agile, lethally poisoned (0 -> -1), ice-form (expiring), very
slightly contaminated, hasted, slow
A: see invisible, slow metabolism 1, spit poison 1, AC +3
a: Spit Poison, End Transformation, Bend Time, Temporal Distortion, Renounce
Religion, Evoke Flight


You were on level 8 of the Dungeon.
You worshipped Cheibriados.
Cheibriados was most pleased with you.
You were very full.
You were a creature of crystalline ice.
You visited 1 branch of the dungeon, and saw 8 of its levels.

You collected 425 gold pieces.

Inventory:

Hand Weapons
 n - a +2 rapier of venom
Missiles
 a - 101 arrows
Armour
 f - a +0 buckler (melded)
 k - a +0 pair of gloves (melded)
 u - a +1 leather armour of fire resistance (melded)
 x - a +0 cloak (melded)
Jewellery
 j - a ring of flight (left front paw)
 m - an amulet of the gourmand (around neck)
 w - an uncursed ring of see invisible
Wands
 p - a wand of enslavement (12/24)
 r - a wand of paralysis (16/24)
 t - a wand of acid (1/15)
 v - a wand of clouds (4/9)
 y - a wand of acid (4/15)
Scrolls
 b - a scroll of remove curse
 g - 2 scrolls of enchant armour
Potions
 e - a potion of resistance
 h - 4 potions of lignification
 o - a potion of flight
Books
 c - a book of Changes

   Spells                             Type                      Level
   a - Beastly Appendage              Transmutation                1
   b - Sticks to Snakes               Transmutation                2
   c - Spider Form                    Transmutation/Poison         3
   d - Ice Form                       Ice/Transmutation            4
   e - Blade Hands                    Transmutation                5
Comestibles
 d - 6 bread rations
 i - 4 fruits
 l - 3 royal jellies
 s - 4 meat rations


   Skills:
 + Level 4.5 Fighting
 + Level 3.0 Armour
 + Level 3.1 Dodging
 - Level 4.1 Stealth
 + Level 1.0 Shields
 + Level 6.0 Unarmed Combat
 + Level 3.7 Spellcasting
 * Level 7.2 Transmutations
 - Level 1.1 Ice Magic
 - Level 4.0 Poison Magic
 + Level 3.8 Invocations


You had 5 spell levels left.
You knew the following spells:

 Your Spells              Type           Power        Failure   Level  Hunger
a - Beastly Appendage     Tmut           #####.       1%          1    None
b - Sticks to Snakes      Tmut           #####...     1%          2    #......
c - Spider Form           Tmut/Pois      ####......   3%          3    ###....
d - Ice Form              Ice/Tmut       ###.....     19%         4    ####...


Dungeon Overview and Level Annotations

Branches:
Dungeon (8/15)             Temple (0/1) D:6
   Lair: D:8-11

Altars:
Cheibriados

Shops:
D:6 :

Annotations:
D:5 1 runed door


Innate Abilities, Weirdness & Mutations

You cannot wear boots.
((Your serpentine skin is tough. (AC +3)))
You have supernaturally acute eyesight. (SInv)
((Armour fits poorly on your strangely shaped body.))
((Your system is resistant to poisons. (rPois)))
((You cover ground very slowly.))
You have a slow metabolism.
You can spit poison.


Message History

Confirm with . or Enter, or press ? or * to list all spells.
You create a snake!
You now have 101 arrows.
The killer bee stings you.
* * * LOW HITPOINT WARNING * * *
The hippogriff misses you. The hippogriff pecks you!
* * * LOW HITPOINT WARNING * * *
The hippogriff completely misses you. The adder barely misses you.
The killer bee stings you.
* * * LOW HITPOINT WARNING * * *
The killer bee closely misses your ball python.
The killer bee stings your ball python.
Your ball python dies!
The killer bee stings you.
* * * LOW HITPOINT WARNING * * *
The killer bee completely misses you.
Okay, then.
Okay, then.
It was a potion of haste.
You feel yourself speed up.
Cheibriados forgives your accidental hurry, just this once.
Your transformation is almost over.
You die...

#.....####....#..P..PP..P........
#...### ##..#.....P.............
#..## ###.......................
#..# ###.........................
#..###....†......................
..........#.............. (......
.........##.............. .......
.........##.............. .<.....
..........#.....YH.(.....
...............yyyS......
...##....................
...#####...####.......... ...
##..# ###....<... #... ###......
... ..#### .## .#


You could see a hippogriff, 3 killer bees and an adder.

Vanquished Creatures
  A cyclops (D:6)
  A hungry ghost (D:7)
  Edmund (D:4)
  2 porcupines (D:8)
  A black bear (D:8)
  2 orc warriors
  A sky beast (D:7)
  An ice beast (D:6)
  A phantom (D:7)
  2 ogres
  A centaur (D:6)
  A bullfrog (D:6)
  2 scorpions
  A killer bee (D:8)
  3 howler monkeys (D:7)
  2 crimson imps (D:5)
  A bullfrog zombie (D:5)
  4 hounds
  A jelly (D:7)
  A bullfrog skeleton (D:5)
  2 orc priests
  5 orc wizards
  A centaur skeleton (D:4)
  An iron imp (D:4)
  An iguana (D:8)
  6 worker ants
  A howler monkey skeleton (D:7)
  3 gnolls (D:7)
  6 adders
  A shadow imp (D:6)
  An ooze (D:3)
  3 adder skeletons
  3 worms
  2 dart slugs
  7 leopard geckos
  21 orcs
  5 giant cockroaches
  6 goblins
  12 hobgoblins
  2 jackals (D:1)
  3 quokkas
  5 bats
  7 frilled lizards
  A giant cockroach zombie (D:6)
  A jackal skeleton (D:3)
  7 kobolds
  A leopard gecko skeleton (D:7)
  2 quokka skeletons
  11 rats
157 creatures vanquished.

Vanquished Creatures (collateral kills)
  An ogre (D:5)
  A hobgoblin (D:2)
  5 frilled lizards (D:2)
7 creatures vanquished.

Grand Total: 164 creatures vanquished

Notes
Turn   | Place    | Note
-------+----------+-------------------------------------------
     0 | D:1      | rodrick the Naga Transmuter began the quest for the Orb.
     0 | D:1      | Reached XP level 1. HP: 18/18 MP: 3/3
   370 | D:1      | Reached XP level 2. HP: 23/25 MP: 3/5
   988 | D:1      | Learned a level 2 spell: Sticks to Snakes
  1144 | D:1      | Reached XP level 3. HP: 31/31 MP: 6/6
  1149 | D:1      | Learned a level 3 spell: Spider Form
  1831 | D:2      | Reached skill level 1 in Poison Magic
  1831 | D:2      | Reached XP level 4. HP: 34/38 MP: 3/7
  2448 | D:3      | Reached skill level 1 in Stealth
  3303 | D:4      | Reached skill level 3 in Transmutations
  3303 | D:4      | Reached XP level 5. HP: 45/45 MP: 4/8
  3453 | D:4      | Noticed an ogre
  3467 | D:4      | Killed an ogre
  3467 | D:4      | Reached XP level 6. HP: 36/52 MP: 7/10
  3993 | D:4      | Found a snail-covered altar of Cheibriados.
  4065 | D:4      | Became a worshipper of Cheibriados the Contemplative
  4071 | D:4      | Learned a level 4 spell: Ice Form
  4305 | D:4      | Noticed Edmund
  4346 | D:4      | Killed Edmund
  4346 | D:4      | Reached skill level 4 in Transmutations
  4346 | D:4      | Reached XP level 7. HP: 27/61 MP: 8/11
  4580 | D:5      | Entered Level 5 of the Dungeon
  4664 | D:5      | Found a runed door.
  4964 | D:5      | Reached * piety under Cheibriados
  4982 | D:5      | Reached skill level 1 in Armour
  5355 | D:5      | Reached skill level 1 in Invocations
  5708 | D:5      | Reached XP level 8. HP: 69/69 MP: 8/12
  6041 | D:6      | Reached skill level 5 in Transmutations
  6123 | D:6      | Found a staircase to the Ecumenical Temple.
  6212 | D:6      | Noticed a cyclops
  6234 | D:6      | Killed a cyclops
  6234 | D:6      | Reached skill level 5 in Unarmed Combat
  6540 | D:6      | Found Xirr's Book Emporium.
  6720 | D:6      | Reached skill level 6 in Transmutations
  6820 | D:6      | Reached ** piety under Cheibriados
  6854 | D:6      | Reached XP level 9. HP: 78/78 MP: 11/13
  7840 | D:7      | Reached skill level 1 in Ice Magic
  8469 | D:8      | Reached skill level 7 in Transmutations
  8485 | D:8      | Reached *** piety under Cheibriados
  8628 | D:8      | Reached skill level 1 in Shields
  8754 | D:8      | HP: 4/94 [hippogriff (7)]
  8754 | D:8      | HP: 1/94 [killer bee (3)]
  8756 | D:8      | Succumbed to a killer bee's poison

Skill      XL: |  1  2  3  4  5  6  7  8  9 |
---------------+----------------------------+-----
Poison Magic   | 1 2 3 4 |  4.0
Stealth        | 1 2 3 4 |  4.1
Transmutations | 3 4 6 7 |  7.2
Fighting       | 2 3 4 |  4.5
Unarmed Combat | 4 5 6 |  6.0
Spellcasting   | 3 |  3.7
Armour         | 1 2 3 |  3.0
Invocations    | 1 3 |  3.8
Dodging        | 2 3 |  3.1
Ice Magic      | 1 |  1.1
Shields        | 1 |  1.0

Action                   |  1- 3 |  4- 6 |  7- 9 || total
-------------------------+-------+-------+-------++-------
Melee: Unarmed           |   117 |   169 |   298 ||   584
       Punch             |     2 |     2 |     1 ||     5
       Headbutt          |     7 |       |       ||     7
 Cast: Beastly Appendage |    18 |       |     1 ||    19
       Sticks to Snakes  |     2 |       |    11 ||    13
       Spider Form       |     1 |    14 |    24 ||    39
       Ice Form          |       |       |     1 ||     1
Invok: Bend Time         |       |       |     1 ||     1
 Abil: Spit Poison       |    15 |     6 |     4 ||    25
       End Transformatio |       |       |     1 ||     1
  Use: Scroll            |       |     8 |     9 ||    17
       Potion            |       |       |     8 ||     8
 Stab: Sleeping          |       |     3 |     5 ||     8
       Distracted        |       |       |     3 ||     3
  Eat: Chunk             |     3 |    11 |    25 ||    39
       Bread ration      |       |       |     1 ||     1
Armor: Robe              |    40 |    41 |       ||    81
       Skin              |       |     1 |    11 ||    12
       Leather armour    |       |       |    33 ||    33
Dodge: Dodged            |   100 |   103 |   222 ||   425
